 Dungeon Sprint DCSS version 0.28-a0-97-g102d6777a4 (webtiles) character file.

Game seed: 10949080651503838691

26196 fozzywoppz the Warrior (level 12, -14/133 HPs)
             Began as a Minotaur Gladiator on Aug 9, 2021.
             Was the Champion of Okawaru.
             Killed from afar by an ice dragon (45 damage)
             ... with a blast of cold
             ... in the Dungeon (Sprint IX: "|||||||||||||||||||||||||||||").
             The game lasted 00:15:00 (2774 turns).

fozzywoppz the Warrior (Minotaur Gladiator)         Turns: 2774, Time: 00:15:01

Health: -14/133    AC: 31    Str: 24    XL:     12   Next: 96%
Magic:  18/20      EV: 16    Int:  5    God:    Okawaru [******]
Gold:   607        SH: 21    Dex: 12    Spells: 11/11 levels left

rFire   . . .      SeeInvis .   G - +7 broad axe (vorpal)
rCold   . . .      Faith    .   i - +0 kite shield {AC+3}
rNeg    . . .      Spirit   .   o - +3 plate armour {rPois}
rPois   +          Reflect  +   c - +0 hat
rElec   .          Harm     .   w - +0 cloak
rCorr   .          Rampage  .   x - +0 pair of gloves
Will    .....      NoTele   +   p - +0 pair of boots
Stlth   ..........              l - amulet of reflection
HPRegen 0.32/turn               m - +2 ring of evasion
MPRegen 0.17/turn               n - +2 ring of protection

@: heroic
A: horns 2, retaliatory headbutt
a: Renounce Religion, Heroism, Finesse


You were in the Dungeon.
You worshipped Okawaru.
Okawaru was exalted by your worship.
You visited 1 branch You collected 1328 gold pieces.
You spent 721 gold pieces at shops.

Inventory:

Hand Weapons
 b - a +3 war axe of freezing
 A - a +4 scimitar of flaming
 G - a +7 vorpal broad axe (weapon)
Missiles
 a - 8 poisoned darts
 d - 5 throwing nets (quivered)
 z - 4 curare-tipped darts
Armour
 c - a +0 hat (worn)
 i - a +0 kite shield of protection (worn)
 o - a +3 plate armour of poison resistance (worn)
 p - a +0 pair of boots (worn)
 w - a +0 cloak (worn)
 x - a +0 pair of gloves (worn)
Jewellery
 l - an amulet of reflection (around neck)
 m - a +2 ring of evasion (left hand)
 n - a +2 ring of protection (right hand)
 q - a ring of see invisible
 C - a ring of fire
 D - a ring of protection from cold
 E - a ring of protection from cold
 F - a ring of willpower
Wands
 r - a wand of flame (21)
 v - a wand of paralysis (9)
 y - a wand of polymorph (7)
Scrolls
 k - 2 scrolls of amnesia
 s - 10 scrolls of enchant weapon
 t - a scroll of fear
 I - a scroll of identify
 J - 2 scrolls of blinking
Potions
 e - 7 potions of curing
 f - a potion of lignification
 g - 3 potions of might
 h - 4 potions of magic
 j - 7 potions of heal wounds
 u - a potion of mutation
 H - a potion of brilliance
Miscellaneous
 B - a condenser vane


   Skills:
 + Level 20.2(25.2) Fighting
 - Level 18.0(23.0) Axes
 + Level 3.6(8.6) Throwing
 + Level 12.4(17.4) Armour
 + Level 15.2(20.2) Dodging
 - Level 15.0(20.0) Shields
 - Level 12.0 Invocations


You had 11 spell levels left.
You didn't know any spells.
Your spell library was empty.

Dungeon Overview and Level Annotations

Branches:
Dungeon (1/1)

Altars:
Cheibriados
Dithmenos
Elyvilon
Fedhas
Gozag
Hepliaklqana
Kikubaaqudgha
Makhleb
Nemelex Xobeh
Okawaru
Qazlal
Ru
Sif Muna
Trog
Uskayaw
Vehumet
Wu Jian
Xom
Yredelemnul
Zin
The Shining One
Beogh
Jiyva
Lugonu

Shops:
D *:=!


Innate Abilities, Weirdness & Mutations

You have a pair of horns on your head.
You reflexively headbutt those who attack you in melee.


Message History

The fire dragon scales are intact enough to wear.
You block the ice dragon's attack. x2
The ice dragon tramples you but does no damage.
Things that are here:
+0 fire dragon scales; a fire dragon corpse You slash the ice dragon!
The ice dragon is lightly wounded.
You barely miss the ice dragon.
The ice dragon is lightly wounded.
The ice dragon breathes frost at you. The blast of cold hits you!!
* * * LOW HITPOINT WARNING * * *
You slash the ice dragon! You headbutt the ice dragon!
The ice dragon is moderately wounded.
You hit the ice dragon but do no damage.
The ice dragon is moderately wounded.
You hit the ice dragon but do no damage.
The ice dragon is moderately wounded.
The ice dragon bites you but does no damage.
You block the ice dragon's attack.
The ice dragon tramples you but does no damage.
Your plate armour prevents you from hitting the ice dragon.
The ice dragon is moderately wounded.
Okay, then.
You barely miss the ice dragon. You headbutt the ice dragon.
The ice dragon is moderately wounded.
You gain the combat prowess of a mighty hero.
The ice dragon bites you but does no damage.
The ice dragon closely misses you. You block the ice dragon's attack.
You hit the ice dragon.
The ice dragon is heavily wounded.
Your hands slow down.
You block the ice dragon's attack. The ice dragon closely misses you. x2
You slice the ice dragon!! Your headbutt misses the ice dragon.
The ice dragon is severely wounded.
You barely miss the ice dragon.
The ice dragon is severely wounded.
The ice dragon breathes frost at you. The blast of cold hits you!!!
You die...

...'...[[...'.(.(.......††.†††...
▓▓▓▓▓▓▓▓▓▓▓▓▓▓▓▓▓▓▓▓▓▓▓▓▓▓▓▓▓▓▓▓▓
........)..).......).............
▓▓▓▓▓▓▓▓▓▓▓▓▓▓▓▓▓▓▓▓▓▓▓▓▓▓▓▓▓▓▓▓▓
........'..)).∩.∩.∩.∩..).['[)).).
▓▓▓▓▓▓▓▓▓▓▓▓▓▓▓▓▓▓▓▓▓▓▓▓▓▓▓▓▓▓▓▓▓
.................................
▓▓▓▓▓▓▓▓▓▓▓▓▓▓▓▓▓▓▓▓▓▓▓▓▓▓▓▓▓▓▓▓▓
......D@(.)[()))........
▓▓▓▓▓▓▓▓▓▓▓▓▓▓▓▓▓▓▓▓▓▓▓▓


You could see an ice dragon (catching breath).

Vanquished Creatures
  2 stone giants (D)
  A dire elephant (D)
  2 fire dragons (D)
  A rakshasa (D)
  2 hydras (D)
  Harold (D)
  A boulder beetle (D)
  Erica (D)
  2 centaur warriors (D)
  A two-headed ogre (D)
  7 orc high priests (D)
  Sonja (D)
  2 deep elf pyromancers (D)
  3 orc knights (D)
  An oklob plant (D)
  A manticore (D)
  A cyclops (D)
  2 ugly things (D)
  7 elephants (D)
  Maurice (D)
  3 cane toads (D)
  2 unseen horrors (D)
  A komodo dragon (D)
  A tengu conjurer (D)
  A redback (shapeshifter) (D)
  A yak (D)
  3 wyverns (D)
  A basilisk (D)
  Eustachio (D)
  An acid dragon (D)
  5 water moccasins (D)
  12 orc warriors (D)
  2 black bears (D)
  An ogre (D)
  A kobold brigand (D)
  2 bullfrogs (D)
  A gnoll shaman (D)
  8 orc priests (D)
  An iguana (D)
  5 orc wizards (D)
  An adder zombie (D)
  6 orcs (D)
  A goblin (D)
  A hobgoblin (D)
  A jackal (D)
  A ball python (D)
  A frilled lizard (D)
105 creatures vanquished.

Notes
Turn   | Place    | Note
-------+----------+-------------------------------------------
     0 | D        | fozzywoppz the Minotaur Gladiator began the quest for the
                  | Orb.
     0 | D        | Reached XP level 1. HP: 18/18 MP: 0/0
     9 | D        | Reached skill level 3 in Fighting
   170 | D        | Noticed a black bear
   170 | D        | Noticed an ogre
   170 | D        | Noticed a black bear
   170 | D        | Noticed an iguana
   177 | D        | Killed an iguana
   178 | D        | Reached skill level 5 in Fighting
   178 | D        | Reached XP level 2. HP: 15/29 MP: 1/1
   178 | D        | Reached XP level 3. HP: 19/36 MP: 2/2
   181 | D        | Killed a black bear
   182 | D        | Reached skill level 8 in Fighting
   182 | D        | Reached XP level 4. HP: 26/48 MP: 3/3
   183 | D        | Killed an ogre
   184 | D        | Reached skill level 9 in Fighting
   184 | D        | Reached skill level 10 in Axes
   184 | D        | Reached XP level 5. HP: 31/58 MP: 4/4
   185 | D        | Killed a black bear
   186 | D        | Reached skill level 10 in Fighting
   186 | D        | Reached XP level 6. HP: 36/66 MP: 5/5
   197 | D        | Found a snail-covered altar of Cheibriados.
   197 | D        | Found a shadowy altar of Dithmenos.
   197 | D        | Found a white marble altar of Elyvilon.
   197 | D        | Found a blossoming altar of Fedhas.
   197 | D        | Found an opulent altar of Gozag.
   198 | D        | Found a hazy altar of Hepliaklqana.
   199 | D        | Found a viscous altar of Jiyva.
   200 | D        | Found an ancient bone altar of Kikubaaqudgha.
   201 | D        | Found a corrupted altar of Lugonu.
   202 | D        | Found a burning altar of Makhleb.
   203 | D        | Found a sparkling altar of Nemelex Xobeh.
   204 | D        | Found an iron altar of Okawaru.
   205 | D        | Found a stormy altar of Qazlal.
   206 | D        | Found a sacrificial altar of Ru.
   207 | D        | Found a shimmering blue altar of Sif Muna.
   208 | D        | Found a bloodstained altar of Trog.
   209 | D        | Found a hide-covered altar of Uskayaw.
   210 | D        | Found a radiant altar of Vehumet.
   211 | D        | Found an ornate altar of the Wu Jian Council.
   212 | D        | Found a shimmering altar of Xom.
   213 | D        | Found a basalt altar of Yredelemnul.
   214 | D        | Found a glowing silver altar of Zin.
   215 | D        | Found a glowing golden altar of the Shining One.
   220 | D        | Became a worshipper of Warmaster Okawaru
   392 | D        | Noticed an orc warrior
   392 | D        | Noticed an orc warrior
   392 | D        | Noticed a two-headed ogre
   392 | D        | Noticed a yak
   395 | D        | Killed a yak
   396 | D        | Reached skill level 5 in Dodging
   398 | D        | Killed a two-headed ogre
   398 | D        | Reached * piety under Okawaru
   398 | D        | Reached ** piety under Okawaru
   399 | D        | Reached skill level 15 in Axes
   399 | D        | Reached skill level 5 in Armour
   399 | D        | Reached XP level 7. HP: 63/72 MP: 6/6
   399 | D        | Reached XP level 8. HP: 70/79 MP: 7/7
   521 | D        | Noticed a centaur warrior
   521 | D        | Noticed a purple ugly thing
   532 | D        | Killed an unseen horror
   532 | D        | Reached *** piety under Okawaru
   539 | D        | Killed a purple ugly thing
   540 | D        | Reached skill level 11 in Fighting
   540 | D        | Reached XP level 9. HP: 61/89 MP: 5/8
   541 | D        | Killed an unseen horror
   549 | D        | Killed a centaur warrior
   550 | D        | Reached skill level 12 in Fighting
   552 | D        | Reached **** piety under Okawaru
   553 | D        | Reached skill level 10 in Armour
   702 | D        | Noticed a seven-headed hydra
   702 | D        | Noticed a five-headed hydra
   722 | D        | Killed an 11-headed hydra
   723 | D        | Reached skill level 13 in Fighting
   730 | D        | Killed an 11-headed hydra
   730 | D        | Reached ***** piety under Okawaru
   731 | D        | Reached XP level 10. HP: 31/102 MP: 6/12
   735 | D        | Reached skill level 14 in Fighting
   738 | D        | Reached skill level 5 in Invocations
   742 | D        | Noticed a cane toad
   749 | D        | Killed a cane toad
   750 | D        | Reached skill level 10 in Dodging
  1101 | D        | Noticed a cane toad
  1108 | D        | Killed a cane toad
  1119 | D        | Noticed an oklob plant
  1120 | D        | Noticed a cane toad
  1305 | D        | Killed an oklob plant
  1306 | D        | Reached skill level 15 in Fighting
  1307 | D        | Killed a cane toad
  1312 | D        | Noticed an elephant
  1312 | D        | Noticed a dire elephant
  1312 | D        | Noticed an elephant
  1312 | D        | Noticed an elephant
  1312 | D        | Noticed an elephant
  1312 | D        | Noticed an elephant
  1315 | D        | Noticed an elephant
  1321 | D        | Killed an elephant
  1321 | D        | Received a gift from Okawaru
  1322 | D        | Noticed an elephant
  1327 | D        | Killed an elephant
  1332 | D        | Killed an elephant
  1333 | D        | Reached XP level 11. HP: 112/114 MP: 8/16
  1349 | D        | Killed a dire elephant
  1350 | D        | Reached skill level 16 in Fighting
  1370 | D        | Reached skill level 10 in Invocations
  1642 | D        | Noticed Eustachio
  1647 | D        | Noticed Harold
  1665 | D        | Killed Harold
  1674 | D        | Killed Eustachio
  1684 | D        | Noticed Sonja
  1690 | D        | Killed Sonja
  1691 | D        | Reached skill level 17 in Fighting
  1838 | D        | Noticed an orc knight
  1842 | D        | Noticed an orc knight
  1847 | D        | Noticed an orc knight
  1857 | D        | Killed an orc knight
  1858 | D        | Reached skill level 5 in Shields
  1861 | D        | Killed an orc knight
  1876 | D        | Killed an orc knight
  2062 | D        | Found Muciutuo's Distillery.
  2062 | D        | Noticed an orc high priest
  2062 | D        | Noticed an orc high priest
  2062 | D        | Noticed an orc high priest
  2063 | D        | Noticed an orc high priest
  2070 | D        | Killed an orc high priest
  2076 | D        | Killed an orc high priest
  2076 | D        | Received a gift from Okawaru
  2084 | D        | Found Aczeph's Jewellery Shop.
  2090 | D        | Noticed an orc high priest
  2095 | D        | Killed an orc high priest
  2096 | D        | Found Oneh's Book Boutique.
  2097 | D        | Noticed an orc high priest
  2098 | D        | Noticed a sixfirhy
  2110 | D        | Killed an orc high priest
  2111 | D        | Reached skill level 18 in Fighting
  2111 | D        | Reached XP level 12. HP: 63/127 MP: 15/19
  2123 | D        | Killed an orc high priest
  2127 | D        | Noticed an orc high priest
  2132 | D        | Killed an orc high priest
  2145 | D        | Killed an orc high priest
  2146 | D        | Reached skill level 15 in Dodging
  2408 | D        | Found Yckoc's General Store.
  2436 | D        | Bought a potion of lignification for 42 gold pieces
  2436 | D        | Bought a potion of heal wounds for 70 gold pieces
  2436 | D        | Bought a potion of curing for 42 gold pieces
  2436 | D        | Bought a potion of heal wounds for 70 gold pieces
  2436 | D        | Bought a potion of curing for 42 gold pieces
  2442 | D        | Bought a potion of heal wounds for 65 gold pieces
  2446 | D        | Bought an amulet of reflection for 390 gold pieces
  2538 | D        | Noticed Erica
  2554 | D        | Killed Erica
  2561 | D        | Noticed Maurice
  2571 | D        | Killed Maurice
  2572 | D        | Reached skill level 10 in Shields
  2681 | D        | Noticed a boulder beetle
  2681 | D        | Noticed a centaur warrior
  2685 | D        | Killed a centaur warrior
  2686 | D        | Reached skill level 19 in Fighting
  2691 | D        | Noticed a fire dragon
  2705 | D        | Noticed a stone giant
  2714 | D        | Noticed a rakshasa
  2718 | D        | Killed a fire dragon
  2726 | D        | Killed a stone giant
  2727 | D        | Reached skill level 20 in Fighting
  2735 | D        | Killed a boulder beetle
  2735 | D        | Reached ****** piety under Okawaru
  2739 | D        | Noticed a stone giant
  2740 | D        | Noticed a fire dragon
  2743 | D        | Noticed an ice dragon
  2745 | D        | Killed a rakshasa
  2745 | D        | Identified the +0 hat "Acreusa" {rF+ Regen+ Str-5 SInv}
                  | (Okawaru gifted it to you in the Dungeon)
  2745 | D        | Received a gift from Okawaru
  2757 | D        | Killed a stone giant
  2758 | D        | Reached skill level 15 in Shields
  2762 | D        | Killed a fire dragon
  2774 | D        | Killed from afar by an ice dragon

Illustrated notes

Levels and vault maps discovered:
D:        linesprint [early_d, line_temple, items_1, d_10, items_2, lair_1,
          lair_end, items_3, orc_1, orc_end, items_4, d_15, swamp_1, shoals_1,
          snake_1, spider_1, d_20, vaults_1, items_5, swamp_end, shoals_end,
          snake_end, spider_end, vaults_end, d_27, items_6, zot_1, zot_end,
          crypt_end, forest_end, elf_end, slime_end, tomb_end, abyss_end,
          pan_hell_end]

Skill      XL: |  1  2  3  4  5  6  7  8  9 10 11 12 |
---------------+-------------------------------------+-----
Fighting       | 5 8 9 10 11 13 15 18 20 | 20.2
Axes           | 6 8 10 11 15 17 18 | 18.0
Dodging        | 4 8 9 12 14 15 | 15.2
Armour         | 5 7 11 12 | 12.4
Invocations    | 4 8 11 12 | 12.0
Shields        | 8 15 | 15.0
Throwing       | 3 |  3.6

Action                   |  1- 3 |  4- 6 |  7- 9 | 10-12 || total
-------------------------+-------+-------+-------+-------++-------
Melee: War axe           |    25 |    13 |    62 |   223 ||   323
       Headbutt          |     3 |     5 |    15 |    76 ||    99
       Punch             |       |       |     1 |     4 ||     5
       Broad axe         |       |       |       |    79 ||    79
Invok: Heroism           |       |       |     3 |     7 ||    10
       Finesse           |       |       |       |     6 ||     6
Evoke: Wand              |       |       |     5 |     7 ||    12
       Condenser vane    |       |       |       |     3 ||     3
  Use: Potion            |     1 |       |     4 |     5 ||    10
       Scroll            |       |       |     1 |     1 ||     2
 Stab: Confused          |       |       |       |     6 ||     6
Armor: Leather armour    |     6 |       |       |       ||     6
       Chain mail        |       |     1 |    44 |    38 ||    83
       Plate armour      |       |       |       |    34 ||    34
Dodge: Dodged            |    19 |     6 |    44 |    60 ||   129
Block: Kite shield       |       |       |       |    60 ||    60
       Reflection        |       |       |       |     2 ||     2

Table legend: (Time is in decaauts)
 A = Elapsed time spent in this place.
 B = Non-inter-level travel time spent in this place.
 C = Inter-level travel time spent in this place.
 D = Time resting spent in this place.
 E = Time spent auto-exploring this place.
 F = Levels seen in this place.
 G = Mean time per level.
                   A        B        C        D        E       F      G
               +--------+--------+--------+--------+--------+-----+--------+
         Total |   2611 |   2611 |      0 |   1361 |     72 |   1 | 2611.0 |
       Dungeon |   2611 |   2611 |      0 |   1361 |     72 |   1 | 2611.0 |
               +--------+--------+--------+--------+--------+-----+--------+

Top non-repeatable levels by time:
       D: 2611 daAuts
